 Dungeon Crawl Stone Soup version 0.18.1-8-gdd0e5ea (webtiles) character file.

101 sugabear the Ducker (level 4, -1/23 HPs)
             Began as a Vine Stalker Gladiator on May 28, 2016.
             Slain by Duvessa
             ... wielding a +0 short sword of draining
              (3 damage)
             ... on level 4 of the Dungeon.
             The game lasted 00:03:40 (2343 turns).

sugabear the Ducker (Vine Stalker Gladiator)        Turns: 2343, Time: 00:03:41

Health: -1/23      AC:  6    Str: 19    XL:     4   Next: 75%
Magic:  0/5        EV:  5    Int:  8    God:
Gold:   164        SH:  3    Dex: 14    Spells: 0 memorised, 3 levels left

rFire  . . .     SeeInvis .     a - +1 whip (elec)
rCold  . . .     Gourm    .     l - +0 ring mail
rNeg   . . .     Faith    .     j - +0 buckler
rPois  .         Spirit   +     c - +0 helmet
rElec  .         Dismiss  .     (no cloak)
rCorr  .         Reflect  .     (no gloves)
SustAt .         Harm     .     (no boots)
MR     .....                    (no amulet)
Stlth  +.........               (no ring)
                                (no ring)

@: drained, not resistant to hostile enchantments, very unstealthy
A: fangs 2, regeneration 1, magic shield, antimagic bite, no device heal 3, rot
immunity
a: no special abilities


You were on level 4 of the Dungeon.
You were not hungry.

You visited 1 branch of the dungeon, and saw 4 of its levels.

You collected 164 gold pieces.

Inventory:

Hand Weapons
 a - a +1 whip of electrocution (weapon)
 b - a +3 hunting sling
 i - a +1 mace of draining
Missiles
 d - 3 throwing nets (quivered)
 n - 7 javelins
 r - 101 stones
Armour
 c - a +0 helmet (worn)
 j - a +0 buckler (worn)
 l - a +0 ring mail (worn)
 m - a +0 leather armour
 y - a +1 helmet
Jewellery
 w - an uncursed ring of protection from magic {unknown}
 D - an uncursed ring of flight {unknown}
Scrolls
 h - 2 scrolls of amnesia {unknown}
 k - 3 scrolls of identify {unknown}
 o - a scroll of remove curse {unknown}
 q - a scroll of fear {unknown}
 x - a scroll of magic mapping {unknown}
 C - a scroll of random uselessness {unknown}
Potions
 e - a potion of magic {unknown}
 p - 2 potions of heal wounds {unknown}
 t - a potion of ambrosia {unknown}
 v - a potion of flight {unknown}
 z - a potion of cancellation {unknown}
 B - a potion of curing {unknown}
 F - 2 potions of haste {unknown}
 G - 2 potions of invisibility {unknown}
Books
 A - a book of Maledictions

   Spells                             Type                      Level
   a - Corona                         Hexes                        1
   b - Ensorcelled Hibernation        Hexes/Ice                    2
   c - Confuse                        Hexes                        3
   d - Tukima's Dance                 Hexes                        3
   e - Dazzling Spray                 Conjuration/Hexes            3
Comestibles
 f - a bread ration
 g - 2 meat rations
 u - 2 beef jerkies
 E - a slice of pizza


   Skills:
 + Level 2.0(0.9) Fighting
 + Level 3.0(1.9) Maces & Flails
 + Level 1.5(1.0) Slings
 + Level 2.0(1.2) Throwing
 + Level 1.1(0.1) Armour
 + Level 3.0(1.9) Dodging
 + Level 1.0(0.0) Shields


You had 3 spell levels left.
You didn't know any spells.

Dungeon Overview and Level Annotations

Branches:
Dungeon (4/15)
 Temple: D:4-7

Altars:
Kikubaaqudgha
Sif Muna

Annotations:
D:4 Dowan, Duvessa


Innate Abilities, Weirdness & Mutations

You have extremely sharp teeth.
Your natural rate of healing is unusually fast.
When hurt, damage is shared between your health and your magic reserves.
Your bite disrupts and absorbs the magic of your enemies.
Potions and wands cannot restore your health.
You are immune to rotting.


Message History

Duvessa is lightly wounded.
Duvessa hits you with a short sword of draining.
You feel drained.
Dowan gestures wildly while chanting.
Dowan blinks!
You barely miss Duvessa.
Duvessa is lightly wounded.
Duvessa hits you with a short sword of draining.
You feel drained.
You hit Duvessa.
Duvessa is lightly wounded.
Duvessa hits you with a short sword of draining!
You feel drained.
Dowan points at you and mumbles some strange words.
The puff of flame hits you!
Unknown command.
Duvessa hits you with a short sword of draining.
* * * LOW HITPOINT WARNING * * *
You feel drained.
You die...

. #..#
.#..#
.#..#
...#
###..##
.....
#<.# #.@#
#..e§#
......e.#
#.#......
. #.#####
#. #


You could see Duvessa and Dowan.

Vanquished Creatures
  3 adders
  A shadow imp (D:3)
  An ooze (D:2)
  A worm (D:3)
  2 giant geckos
  3 orcs (D:3)
  11 bats
  2 giant cockroaches (D:3)
  6 goblins
  7 hobgoblins
  2 jackals (D:2)
  2 giant newts
  3 kobolds
  8 rats
52 creatures vanquished.

Notes
Turn   | Place    | Note
--------------------------------------------------------------
     0 | D:1      | sugabear the Vine Stalker Gladiator began the quest for the Orb.
     0 | D:1      | Reached XP level 1. HP: 11/11 MP: 2/2
   176 | D:1      | Reached XP level 2. HP: 14/15 MP: 3/3
   831 | D:2      | Reached XP level 3. HP: 18/18 MP: 4/4
  1401 | D:2      | Reached skill level 1 in Shields
  1655 | D:3      | Reached XP level 4. HP: 23/23 MP: 5/5
  1817 | D:3      | Reached skill level 1 in Slings
  1963 | D:3      | Reached skill level 1 in Armour
  2037 | D:3      | Found an ancient bone altar of Kikubaaqudgha.
  2251 | D:3      | Found a deep blue altar of Sif Muna.
  2337 | D:4      | Noticed Duvessa
  2337 | D:4      | Noticed Dowan
  2343 | D:4      | Slain by Duvessa

Skill      XL: |  1  2  3  4 |
---------------+-------------+-----
Dodging        | 3 |  3.0
Throwing       | 2 |  2.0
Fighting       | 2 |  2.0
Shields        | 1 |  1.0
Maces & Flails | 3 |  3.0
Slings         | 1 |  1.5
Armour         | 1 |  1.1

Action                   |  1- 3 |  4- 6 || total
-------------------------+-------+-------++-------
Melee: Flail             |    44 |       ||    44
       Bite              |    14 |     4 ||    18
       Whip              |    26 |    18 ||    44
 Fire: Hunting sling     |    50 |    29 ||    79
  Eat: Chunk             |     2 |     2 ||     4
Armor: Leather armour    |    27 |       ||    27
       Ring mail         |    16 |     4 ||    20
Dodge: Dodged            |    70 |    11 ||    81
Block: Buckler           |    17 |     1 ||    18
